 Dungeon Crawl Stone Soup version 0.22-a0-410-g97be04f (webtiles) character file.

120 Borgoz the Skirmisher (level 5, 0/33 HPs)
             Began as a Gargoyle Abyssal Knight on May 11, 2018.
             Was a Believer of Lugonu.
             Slain by an orc priest
             ... wielding a +0 flail
              (4 damage)
             ... on level 3 of the Dungeon.
             The game lasted 00:03:50 (2491 turns).

Borgoz the Skirmisher (Gargoyle Abyssal Knight)     Turns: 2491, Time: 00:03:50

Health: 0/33       AC: 10    Str: 15    XL:     5   Next: 4%
Magic:  6/6        EV: 11    Int: 13    God:    Lugonu [**....]
Gold:   151        SH:  0    Dex: 10    Spells: 4/4 levels left

rFire    . . .     SeeInvis .   a - +1 hand axe
rCold    . . .     Gourm    .   (no shield)
rNeg     + . .     Faith    +   q - +0 leather armour
rPois    ∞         Spirit   .   (no helmet)
rElec    +         Reflect  .   n - +2 cloak
rCorr    .         Harm     .   (no gloves)
MR       .....                  (no boots)
Stlth    ++........             p - amulet of faith
HPRegen  0.11/turn              o - ring of stealth
MPRegen  0.10/turn              (no ring)

@: no status effects
A: negative energy resistance 1, electricity resistance, unbreathing,
petrification resistance, rot immunity, AC +4
a: Depart the Abyss, Bend Space, Renounce Religion


You were on level 3 of the Dungeon.
You worshipped Lugonu.
Lugonu was pleased with you.
You were not hungry.

You visited 1 branch of the dungeon, and saw 3 of its levels.
You visited the Abyss 1 time.

You collected 151 gold pieces.

Inventory:

Hand Weapons
 a - a +1 hand axe (weapon)
 b - a +2 whip of venom
Armour
 n - a +2 cloak (worn)
 q - a +0 leather armour (worn)
Jewellery
 o - a ring of stealth (left hand)
 p - an amulet of faith (around neck)
Wands
 f - a wand of acid (6)
Scrolls
 d - 3 scrolls of identify {unknown}
 i - a scroll of enchant weapon {unknown}
 j - a scroll of enchant armour {unknown}
 k - 2 scrolls of immolation {unknown}
 m - a scroll of remove curse {unknown}
 r - a scroll of fear {unknown}
 s - a scroll of magic mapping {unknown}
Potions
 e - 2 potions of curing {unknown}
 g - a potion of haste {unknown}
 h - a potion of invisibility {unknown}
 l - 2 potions of agility {unknown}
Comestibles
 c - 12 rations


   Skills:
 + Level 4.1 Fighting
 + Level 3.0 Axes
 + Level 2.7 Armour
 + Level 1.5 Dodging
 + Level 1.3 Stealth
 + Level 2.3 Invocations


You had 4 spell levels left.
You didn't know any spells.

Dungeon Overview and Level Annotations

Branches:
Dungeon (3/15)

Altars:
Ashenzari
Makhleb
Nemelex Xobeh
Qazlal
Ru
Xom


Innate Abilities, Weirdness & Mutations

You are resistant to torment.
Your stone body is resilient. (AC +4)
You are immune to poison.
You resist negative energy. (rN+)
You are resistant to electric shocks. (rElec)
You can survive without breathing.
You are immune to petrification.
You are immune to rotting.


Message History

Unknown command.
You are too injured to fight recklessly!
You are too injured to fight recklessly!
You hit the orc priest.
The orc priest is lightly wounded.
You hit the orc.
You kill the orc!
Lugonu accepts your kill.
You hit the orc.
You kill the orc!
Lugonu accepts your kill.
The orc priest calls down the wrath of Beogh upon you.
Beogh smites you!
* * * LOW HITPOINT WARNING * * *
The orc priest casts a cantrip, but nothing happens.
You hit the orc priest.
The orc priest is moderately wounded.
You barely miss the orc. The orc hits you but does no damage.
The orc priest hits you with a flail.
You die...

## ##.. ..# #... #.#
#..# #.# #..# #.# ##..#
#.# #...#######.#
####..[........#
#...))@.....##.#
#.###oo####†##.# ##
#....# #.##.####(..#
.......# #.##..)......
#.._....# #.##.######.#
...8....# #.##.# ....
#.._..#.# #.##.# .....
#.....#.####.##.##.####.
.)......#....##...


You could see an orc priest and an orc.

Vanquished Creatures
  2 adders (D:2)
  A shadow imp (D:3)
  An ooze (D:1)
  2 dart slugs (D:1)
  3 worms (D:2)
  4 leopard geckos
  3 orcs (D:3)
  6 bats
  2 giant cockroaches
  4 goblins
  10 hobgoblins
  8 jackals
  A ball python (D:1)
  2 frilled lizards
  12 kobolds
  A leopard gecko skeleton (D:2)
  2 rats
64 creatures vanquished.

Notes
Turn   | Place    | Note
-------+----------+-------------------------------------------
     0 | Abyss:1  | Borgoz the Gargoyle Abyssal Knight began the quest for the Orb.
     0 | Abyss:1  | Reached XP level 1. HP: 14/14 MP: 2/2
    67 | Abyss:2  | Noticed a raiju
    67 | Abyss:2  | Noticed a raiju
    68 | Abyss:2  | Noticed a raiju
    68 | D:1      | Escaped the Abyss
   186 | D:1      | Reached * piety under Lugonu
   198 | D:1      | Reached XP level 2. HP: 12/19 MP: 3/3
   500 | D:1      | Reached skill level 1 in Dodging
   501 | D:1      | Reached XP level 3. HP: 19/24 MP: 4/4
   893 | D:1      | Reached ** piety under Lugonu
  1001 | D:2      | Reached skill level 4 in Fighting
  1072 | D:2      | Reached XP level 4. HP: 28/29 MP: 5/5
  1106 | D:2      | HP: 1/29 [worm (7)]
  1517 | D:2      | Found a sparkling altar of Nemelex Xobeh.
  1882 | D:2      | Found a shimmering altar of Xom.
  1886 | D:2      | Found a burning altar of Makhleb.
  2152 | D:2      | Reached skill level 1 in Stealth
  2401 | D:3      | Found a sacrificial altar of Ru.
  2478 | D:3      | Found a shattered altar of Ashenzari.
  2479 | D:3      | Found a stormy altar of Qazlal.
  2487 | D:3      | Reached XP level 5. HP: 19/33 MP: 6/6
  2491 | D:3      | Slain by an orc priest

Vault maps used:
D:1:      lemuel_arrival_cross
D:2:      grunt_temple_overflow_open, overflow_temple_1_default,
          serial_co_window_serial, co_window_paths_a, co_window_corner_a,
          co_window_paths_b, co_window_of_opportunity_a,
          co_window_of_opportunity_a, co_window_broadway_a, co_window_corner_ca,
          co_window_corner_b, co_window_sun, glass_columns_a, glass_columns_b,
          glass_columns_a, glass_columns_a, glass_columns_a
D:3:      lemuel_round_altar, old_standard_altar,
          chequers_temple_overflow_statue_of_worship, first_ration,
          serial_park_tiny_pond
Abyss:2:  hangedman_abyss_or_decor_clamps

Skill      XL: |  1  2  3  4 |
---------------+-------------+-----
Axes           | 2 3 |  3.0
Dodging        | 1 |  1.5
Fighting       | 4 |  4.1
Stealth        | 1 |  1.3
Armour         | |  2.7
Invocations    | |  2.3

Action                   |  1- 3 |  4- 6 || total
-------------------------+-------+-------++-------
Melee: Hand axe          |   121 |   100 ||   221
Invok: Depart the Abyss  |     1 |       ||     1
 Stab: Sleeping          |       |     4 ||     4
  Eat: Chunk             |     1 |     4 ||     5
Armor: Leather armour    |    79 |    32 ||   111
Dodge: Dodged            |    97 |    48 ||   145

Table legend:
 A = Spawn XP
 B = Non-spawn XP
 C = Spawn XP percentage of total XP
 D = Spawn monster count
 E = Non-spawn monster count
 F = Spawn count percentage of total count
 G = Total turns spent on level
                    A         B        C        D         E        F      G
               +---------+---------+-------+---------+---------+-------+---------
         Total |       0 |     172 |   0.0 |       0 |      64 |   0.0 |  2491
               +---------+---------+-------+---------+---------+-------+---------
           D:1 |       0 |      65 |   0.0 |       0 |      31 |   0.0 |   919
           D:2 |       0 |      75 |   0.0 |       0 |      23 |   0.0 |  1375
           D:3 |       0 |      32 |   0.0 |       0 |      10 |   0.0 |   129
               +---------+---------+-------+---------+---------+-------+---------
